 Dungeon Crawl Stone Soup version 0.23.2-33-g5129a83184 (webtiles) character file.

Game seed: 5309008233141569572

4443 troglodite the Magician (level 10, 0/77 HPs)
             Began as a Gnoll Skald on July 23, 2019.
             Was a Follower of Ashenzari.
             Killed from afar by Erica (27 damage)
             ... with an orb of energy
             ... on level 8 of the Dungeon.
             The game lasted 00:22:03 (7514 turns).

troglodite the Magician (Gnoll Skald)               Turns: 7514, Time: 00:22:03

Health: 0/77       AC: 14    Str: 16    XL:     10   Next: 37%
Magic:  20/20      EV: 14    Int: 18    God:    Ashenzari [*.....]
Gold:   484        SH:  6    Dex: 18    Spells: 16/23 levels left

rFire    + . .     SeeInvis .   x - +6 falchion "Qafagryu" {freeze, +Blink rPois rC- rN+++} (curse)
rCold    x . .     Gourm    .   I - +0 buckler (curse)
rNeg     + + +     Faith    +   j - +3 scale mail (curse)
rPois    +         Spirit   .   (no helmet)
rElec    .         Reflect  .   H - +0 cloak
rCorr    .         Harm     .   (no gloves)
MR       .....     Rnd*Tele +   (no boots)
Stlth    +++.......             h - amulet of the Queen {Faith MR- Str+3 Int+2 Stlth+} (curse)
HPRegen  0.22/turn              w - +3 ring of protection (curse)
MPRegen  0.17/turn              s - ring of teleportation (curse)

@: lethally poisoned (0 -> -3), about to teleport, studying Crossbows
A: distributed training, fangs 1, fire resistance 1, mutation resistance 1,
strong nose
a: Curse Item, Scrying, Renounce Religion, Evoke Blink


You were on level 8 of the Dungeon.
You worshipped Ashenzari.
Ashenzari was aware of your devotion.
You were not hungry.

You visited 2 branches of the dungeon, and saw 9 of its levels.
You also visited: Ossuary.

You collected 484 gold pieces.

Inventory:

Hand Weapons
 q - a +2 dagger of electrocution
 x - the cursed +6 falchion "Qafagryu" (weapon) {freeze, +Blink rPois rC- rN+++}
   (You found it on level 4 of the Dungeon)

   It has been specially enchanted to freeze those struck by it, causing extra
   injury to most foes and up to half again as much damage against particularly
   susceptible opponents.
   It can also slow down cold-blooded creatures.
   It makes you vulnerable to cold.
   It protects you from poison.
   It renders you almost immune to negative energy.
   It lets you blink.
   It has a curse placed upon it.
 y - a +0 trident
Missiles
 b - 10 javelins (quivered)
Armour
 j - a cursed +3 scale mail (worn)
 H - a +0 cloak (worn)
 I - a cursed +0 buckler (worn)
Jewellery
 h - the cursed amulet of the Queen (around neck) {Faith MR- Str+3 Int+2 Stlth+}
   (You found it on level 6 of the Dungeon)

   [amulet of faith]

   It allows you to gain divine favour quickly.
   It affects your strength (+3).
   It affects your intelligence (+2).
   It affects your resistance to hostile enchantments.
   It makes you more stealthy.
   It has a curse placed upon it.
 i - an uncursed ring of see invisible
 s - a cursed ring of teleportation (right hand)
 t - an uncursed ring of magical power
 w - a cursed +3 ring of protection (left hand)
Scrolls
 a - a scroll of random uselessness {unknown}
 c - 4 scrolls of teleportation
 k - 3 scrolls of fear
 l - 3 scrolls of identify
 n - 2 scrolls of remove curse
 o - 2 scrolls of blinking {unknown}
 r - 4 scrolls of amnesia
 v - 2 scrolls of enchant armour {unknown}
 A - 2 scrolls of enchant weapon {unknown}
 C - 3 scrolls of immolation {unknown}
 E - 2 scrolls of magic mapping
Potions
 e - a potion of berserk rage
 f - 7 potions of curing
 g - 2 potions of mutation
 m - 2 potions of flight
 p - a potion of cancellation
 u - a potion of magic
 z - a potion of ambrosia
 B - a potion of heal wounds
 D - 2 potions of brilliance
 G - 2 potions of agility
Books
 J - a manual of Crossbows
Comestibles
 d - 13 rations
 F - 3 chunks of flesh


   Skills:
 + Level 6.9 Fighting
 + Level 5.1 Short Blades
 + Level 5.1 Long Blades
 + Level 5.1 Axes
 + Level 5.1 Maces & Flails
 + Level 6.9 Polearms
 + Level 5.1 Staves
 + Level 5.1 Slings
 + Level 5.1 Bows
 + Level 6.2 Crossbows
 + Level 5.1 Throwing
 + Level 5.8 Armour
 + Level 6.9 Dodging
 + Level 5.1 Stealth
 + Level 5.1 Shields
 + Level 5.1 Unarmed Combat
 + Level 7.2 Spellcasting
 + Level 4.2 Conjurations
 + Level 4.2 Hexes
 + Level 7.0 Charms
 + Level 4.2 Summonings
 + Level 4.2 Necromancy
 + Level 4.2 Translocations
 + Level 4.2 Transmutations
 + Level 4.2 Fire Magic
 + Level 4.2 Ice Magic
 + Level 4.2 Air Magic
 + Level 4.2 Earth Magic
 + Level 4.2 Poison Magic
 + Level 5.6 Invocations
 + Level 5.1 Evocations


You had 16 spell levels left.
You knew the following spells:

 Your Spells              Type           Power        Failure   Level  Hunger
a - Infusion              Chrm           ####         1%          1    None
b - Spectral Weapon       Hex/Chrm       ####....     10%         3    #......
c - Regeneration          Chrm/Necr      ####......   10%         3    #......

Your spell library contained the following spells:

 Spells                   Type           Power        Failure   Level  Hunger
 Song of Slaying          Chrm           ####....     2%          2    None
 Shroud of Golubria       Chrm/Tloc      ####......   4%          2    None


Dungeon Overview and Level Annotations

Branches:
Dungeon (8/15)             Temple (1/1) D:7
   Lair: D:8-11

Altars:
Ashenzari
Cheibriados
Dithmenos
Elyvilon
Fedhas
Gozag
Hepliaklqana
Kikubaaqudgha
Makhleb
Okawaru
Qazlal
Ru
Trog
Uskayaw
Vehumet
Wu Jian
Xom
Yredelemnul
The Shining One

Annotations:
D:5 2 runed translucent doors, Derp's ghost, amateur CeHu
D:8 Erica


Innate Abilities, Weirdness & Mutations

Your experience applies equally to all skills.
You have very sharp teeth.
Your uncanny sense of smell can sniff out nearby items.
Your flesh is heat resistant. (rF+)
You are somewhat resistant to further mutation.


Message History

You hear some strange, mumbled words.
An orb of energy appears from out of thin air!
The orb of energy hits you!
* * * LOW HITPOINT WARNING * * *
The orb of energy explodes!
The mystic blast hits your spectral weapon!!
Your spectral weapon shares its damage with you!
Your spectral weapon fades away.
* * * LOW HITPOINT WARNING * * *
You feel much better.
You feel sick.
You hear a zap.
You shrug off the repeated paralysis!
As you read the scroll of teleportation, it crumbles to dust.
You feel strangely unstable.
You feel sick. Something hits you but does no damage.
You feel sick.
You hear some strange, mumbled words.
An orb of energy appears from out of thin air!
The orb of energy hits you!!
You die...

.............# ##...##
#..# .............#
##...###..#
.............# #....##..#
...).........# ##....#..#
...))........# ##......#
.............#
###......##
.............#
###....###..###
............######...####
###..##
............###.@.{###
##..#
..........##....#### ##..
.........#...#### ###...
#.........###### ###.....
#.......####...#
##.......
##.##..####....##
#........
####.###.......##
#........ #..#..........#
#........
###...!......)..##
#######..


There were no monsters in sight!

Vanquished Creatures
  2 hippogriffs
  Sigmund (D:2)
  A wraith (Ossuary)
  Duvessa (D:7)
  2 orc warriors (D:7)
  5 ice beasts
  2 eyes of draining
  2 necrophages
  4 ogres
  2 centaurs
  6 bullfrogs
  Dowan (D:7)
  A water moccasin zombie (D:6)
  3 scorpions
  4 howler monkeys
  A crimson imp (D:8)
  A bullfrog skeleton (D:5)
  A bullfrog zombie (D:7)
  14 orc wizards
  4 hounds (D:8)
  4 orc priests
  A centaur skeleton (D:6)
  6 worker ants
  Natasha (thrice) (D:3)
  2 iguanas
  A hound skeleton (D:6)
  2 mummies
  5 gnolls
  11 adders
  2 shadow imps
  An ooze (D:2)
  An adder skeleton (D:8)
  3 worms
  5 dart slugs
  7 leopard geckos
  29 orcs
  2 ball pythons
  5 giant cockroaches
  8 goblins
  9 hobgoblins
  4 jackals (D:6)
  A quokka (D:5)
  12 bats
  10 frilled lizards
  13 gnoll skeletons (Ossuary)
  2 goblin zombies (D:4)
  9 kobolds
  3 kobold skeletons (Ossuary)
  A leopard gecko zombie (D:6)
  9 orc skeletons (Ossuary)
  A quokka skeleton (D:5)
  2 quokka zombies
  8 rats
240 creatures vanquished.

Vanquished Creatures (others)
  An orc wizard (D:5)
  4 spectral weapons
5 creatures vanquished.

Grand Total: 245 creatures vanquished

Notes
Turn   | Place    | Note
-------+----------+-------------------------------------------
     0 | D:1      | troglodite the Gnoll Skald began the quest for the Orb.
     0 | D:1      | Reached XP level 1. HP: 20/20 MP: 6/6
    86 | D:1      | Reached XP level 2. HP: 24/26 MP: 7/7
   315 | D:1      | Reached XP level 3. HP: 25/31 MP: 9/9
   320 | D:1      | Learned a level 3 spell: Spectral Weapon
   324 | D:1      | Learned a level 3 spell: Regeneration
   368 | D:1      | Reached skill level 5 in Spellcasting
   584 | D:2      | Reached skill level 1 in Invocations
   638 | D:2      | Reached skill level 1 in Short Blades
   638 | D:2      | Reached skill level 1 in Long Blades
   638 | D:2      | Reached skill level 1 in Axes
   638 | D:2      | Reached skill level 1 in Maces & Flails
   638 | D:2      | Reached skill level 1 in Staves
   638 | D:2      | Reached skill level 1 in Slings
   638 | D:2      | Reached skill level 1 in Bows
   638 | D:2      | Reached skill level 1 in Crossbows
   638 | D:2      | Reached skill level 1 in Throwing
   638 | D:2      | Reached skill level 1 in Stealth
   638 | D:2      | Reached skill level 1 in Shields
   638 | D:2      | Reached skill level 1 in Unarmed Combat
   638 | D:2      | Reached skill level 1 in Evocations
   827 | D:2      | Reached XP level 4. HP: 38/38 MP: 11/11
  1021 | D:2      | Noticed Sigmund
  1029 | D:2      | Killed Sigmund
  1029 | D:2      | Reached skill level 1 in Conjurations
  1029 | D:2      | Reached skill level 1 in Hexes
  1029 | D:2      | Reached skill level 1 in Summonings
  1029 | D:2      | Reached skill level 1 in Necromancy
  1029 | D:2      | Reached skill level 1 in Translocations
  1029 | D:2      | Reached skill level 1 in Transmutations
  1029 | D:2      | Reached skill level 1 in Fire Magic
  1029 | D:2      | Reached skill level 1 in Ice Magic
  1029 | D:2      | Reached skill level 1 in Air Magic
  1029 | D:2      | Reached skill level 1 in Earth Magic
  1029 | D:2      | Reached skill level 1 in Poison Magic
  1029 | D:2      | Reached XP level 5. HP: 43/43 MP: 5/12
  1046 | D:2      | Reached XP level 6. HP: 37/50 MP: 5/13
  1069 | D:2      | Reached skill level 5 in Fighting
  1069 | D:2      | Reached skill level 5 in Polearms
  1069 | D:2      | Reached skill level 5 in Dodging
  1485 | D:2      | Found a shattered altar of Ashenzari.
  1487 | D:2      | Found a sacrificial altar of Ru.
  1487 | D:2      | Found a shimmering altar of Xom.
  1489 | D:2      | Found a shadowy altar of Dithmenos.
  1489 | D:2      | Found a white marble altar of Elyvilon.
  1489 | D:2      | Found a blossoming altar of Fedhas.
  1972 | D:3      | Noticed Natasha
  1975 | D:3      | Killed Natasha
  2144 | D:3      | Noticed Natasha
  2150 | D:3      | Killed Natasha
  2150 | D:3      | Reached XP level 7. HP: 56/56 MP: 11/15
  2286 | D:3      | Noticed Natasha
  2297 | D:3      | Killed Natasha
  2906 | D:4      | Got a scorched falchion
  2983 | D:4      | Gained mutation: You are somewhat resistant to further
                  | mutation. [potion of mutation]
  2983 | D:4      | Gained mutation: Your flesh is heat resistant. (rF+)
                  | [potion of mutation]
  3091 | D:4      | Identified the +6 falchion "Qafagryu" {freeze, +Blink rPois
                  | rC- rN+++} (You found it on level 4 of the Dungeon)
  3157 | D:4      | Found a sand-covered staircase.
  3161 | D:4      | Reached XP level 8. HP: 33/63 MP: 8/16
  3165 | Ossuary  | Entered an ossuary
  3165 | Ossuary  | Noticed a wraith
  3165 | Ossuary  | Noticed a wraith
  3165 | Ossuary  | Noticed a wraith
  3317 | Ossuary  | Noticed a wraith
  3331 | Ossuary  | Killed a wraith
  3964 | D:5      | Entered Level 5 of the Dungeon
  4006 | D:5      | Noticed a hippogriff
  4016 | D:5      | Killed a hippogriff
  4072 | D:5      | Found a runed translucent door.
  4073 | D:5      | Noticed Derp's ghost (amateur CeHu)
  4197 | D:5      | Found a runed translucent door.
  4382 | D:5      | Reached XP level 9. HP: 69/69 MP: 18/18
  4390 | D:5      | Found an ancient bone altar of Kikubaaqudgha.
  5067 | D:6      | Reached skill level 5 in Armour
  5173 | D:6      | Got a sparkling sapphire amulet
  5177 | D:6      | Identified the amulet of the Queen {Faith MR- Str+3 Int+2
                  | Stlth+} (You found it on level 6 of the Dungeon)
  5225 | D:6      | Found a bloodstained altar of Trog.
  5476 | D:6      | Reached skill level 5 in Crossbows
  5723 | D:7      | Found a staircase to the Ecumenical Temple.
  5736 | Temple   | Entered the Ecumenical Temple
  5765 | Temple   | Became a worshipper of Ashenzari the Shackled
  5956 | D:7      | Reached skill level 5 in Invocations
  6063 | D:7      | Noticed Dowan
  6066 | D:7      | Noticed Duvessa
  6110 | D:7      | Reached XP level 10. HP: 53/76 MP: 12/20
  6127 | D:7      | Killed Duvessa
  6130 | D:7      | Killed Dowan
  6542 | D:7      | Reached * piety under Ashenzari
  6842 | D:7      | Found a shattered altar of Ashenzari.
  7126 | D:8      | Reached skill level 5 in Short Blades
  7126 | D:8      | Reached skill level 5 in Long Blades
  7126 | D:8      | Reached skill level 5 in Axes
  7126 | D:8      | Reached skill level 5 in Maces & Flails
  7126 | D:8      | Reached skill level 5 in Staves
  7126 | D:8      | Reached skill level 5 in Slings
  7126 | D:8      | Reached skill level 5 in Bows
  7126 | D:8      | Reached skill level 5 in Throwing
  7126 | D:8      | Reached skill level 5 in Stealth
  7126 | D:8      | Reached skill level 5 in Shields
  7126 | D:8      | Reached skill level 5 in Unarmed Combat
  7126 | D:8      | Reached skill level 5 in Evocations
  7489 | D:8      | Noticed Erica
  7504 | D:8      | Paralysed by something for 5 turns
  7514 | D:8      | Killed from afar by Erica

Skill      XL: |  1  2  3  4  5  6  7  8  9 10 |
---------------+-------------------------------+-----
Spellcasting   | 5 6 7 |  7.2
Invocations    | 1 2 3 4 5 |  5.6
Short Blades   | 1 2 3 4 5 |  5.1
Long Blades    | 1 2 3 4 5 |  5.1
Axes           | 1 2 3 4 5 |  5.1
Maces & Flails | 1 2 3 4 5 |  5.1
Staves         | 1 2 3 4 5 |  5.1
Slings         | 1 2 3 4 5 |  5.1
Bows           | 1 2 3 4 5 |  5.1
Crossbows      | 1 2 3 5 6 |  6.2
Throwing       | 1 2 3 4 5 |  5.1
Stealth        | 1 2 3 4 5 |  5.1
Shields        | 1 2 3 4 5 |  5.1
Unarmed Combat | 1 2 3 4 5 |  5.1
Evocations     | 1 2 3 4 5 |  5.1
Armour         | 3 4 5 |  5.8
Conjurations   | 1 2 3 4 |  4.2
Hexes          | 1 2 3 4 |  4.2
Summonings     | 1 2 3 4 |  4.2
Necromancy     | 1 2 3 4 |  4.2
Translocations | 1 2 3 4 |  4.2
Transmutations | 1 2 3 4 |  4.2
Fire Magic     | 1 2 3 4 |  4.2
Ice Magic      | 1 2 3 4 |  4.2
Air Magic      | 1 2 3 4 |  4.2
Earth Magic    | 1 2 3 4 |  4.2
Poison Magic   | 1 2 3 4 |  4.2
Fighting       | 5 6 |  6.9
Polearms       | 5 6 |  6.9
Dodging        | 5 6 |  6.9
Charms         | 6 7 |  7.0

Action                   |  1- 3 |  4- 6 |  7- 9 | 10-12 || total
-------------------------+-------+-------+-------+-------++-------
Melee: Spear             |   137 |       |       |       ||   137
       Bite              |    12 |    10 |    51 |    18 ||    91
       Dagger            |     7 |    86 |    90 |       ||   183
       Falchion          |       |       |   253 |   112 ||   365
 Cast: Spectral Weapon   |       |     4 |    14 |     4 ||    22
       Regeneration      |       |       |     7 |       ||     7
Invok: Curse Item        |       |       |     4 |       ||     4
  Use: Potion            |       |       |     5 |     1 ||     6
       Scroll            |       |       |    12 |     2 ||    14
 Stab: Sleeping          |       |     1 |     5 |     4 ||    10
       Distracted        |       |       |     1 |       ||     1
  Eat: Chunk             |       |     4 |    12 |     1 ||    17
       Ration            |       |       |     1 |     1 ||     2
Armor: Ring mail         |    40 |    21 |    29 |       ||    90
       Scale mail        |       |       |   100 |    48 ||   148
Dodge: Dodged            |    66 |    37 |   206 |    57 ||   366
Block: Buckler           |       |    26 |    74 |    27 ||   127
       Rpst.: Falchion   |       |       |    37 |    17 ||    54
